 Dungeon Crawl Stone Soup version 0.30.0 (webtiles) character file.

Game seed: 3958315398139758183

4116 Speno the Basher (level 10, -1/83 HPs)
             Began as a Red Draconian Cinder Acolyte on July 25, 2023.
             Was an Initiate of Hepliaklqana.
             Hit by a large rock thrown by a cyclops (31 damage)
             ... on level 7 of the Dungeon.
             The game lasted 02:20:32 (11752 turns).

Speno the Basher (Red Draconian Cinder Acolyte)    Turns: 11752, Time: 02:20:33

Health: -1/83      AC:  8    Str: 20    XL:     10   Next: 6%
Magic:  11/11      EV: 13    Int: 16    God:    Hepliaklqana [......]
Gold:   338        SH: 10    Dex: 12    Spells: 11/11 levels left

rFire   . . .        E - +4 flail
rCold   . . .        e - +0 buckler
rNeg    . . .        (body armour unavailable)
rPois   .            (helmet restricted)
rElec   .            (no cloak)
rCorr   .            (no gloves)
SInv    +            x - +0 pair of boots
Will    .....        O - amulet of reflection
Stlth   +++          f - ring of see invisible
HPRegen 0.33/turn    K - ring of Juejoce {Dex+6 SInv}
MPRegen 0.12/turn

%: reflection
@: short of breath, fire susceptible
A: breathe fire, AC +7, unfitting armour, fire resistance 1, cold-blooded
a: Breathe Fire, Renounce Religion


You were on level 7 of the Dungeon.
You worshipped Hepliaklqana.
Hepliaklqana was noncommittal.
You visited 1 branch of the dungeon, and saw 8 of its levels.

You collected 338 gold pieces.

Inventory:

Hand Weapons
 a - a -1 mace of flaming
 c - a +0 long sword
 m - the +0 mace "Ynehaoq" {spect, rN+ Str+4}
   (You found it on level 2 of the Dungeon)

   Str:       It affects your strength (+4).
   rN:        It protects you from negative energy.
 u - a +0 morningstar
 w - a +0 sling
 z - a +0 war axe
 E - a +4 flail (weapon)
 H - a +0 great sword
 J - a +4 mace
 M - the +0 mace of Xege {protect, rN+}
   (You found it on level 5 of the Dungeon)

   rN:        It protects you from negative energy.
 R - a +2 scythe of freezing
 S - a +0 falchion of electrocution
 X - a +3 short sword of freezing
 Z - a +0 great mace
Missiles
 h - 8 boomerangs (quivered)
 r - 5 poisoned darts
 t - 2 silver boomerangs
 v - 33 stones
Armour
 e - a +0 buckler (worn)
 g - a +0 chain mail
 x - a +0 pair of boots (worn)
 D - +0 acid dragon scales
 I - a +0 robe
 L - a +0 ring mail
 U - a +0 leather armour
Magical Staves
 C - a staff of cold
Jewellery
 f - a ring of see invisible (left hand)
 F - a +5 ring of evasion
 K - the ring of Juejoce (right hand) {Dex+6 SInv}
   (You acquired it on level 4 of the Dungeon)

   [ring of dexterity]

   Dex:       It affects your dexterity (+6).
   SInv:      It lets you see invisible.
 O - an amulet of reflection (around neck)
Wands
 B - a wand of charming (7)
Scrolls
 b - 3 scrolls of noise
 d - a scroll of immolation {unknown}
 i - a scroll of fear {unknown}
 j - a scroll of torment
 l - 3 scrolls of teleportation
 o - a scroll of enchant weapon
 q - 4 scrolls of amnesia
 y - 2 scrolls of vulnerability
 A - 2 scrolls of magic mapping
 P - a scroll of poison
 T - a scroll of fog {unknown}
Potions
 k - a potion of ambrosia
 n - a potion of curing {unknown}
 p - a potion of flight
 s - a potion of might
 G - a potion of brilliance
 N - a potion of invisibility {unknown}
 Q - 2 potions of attraction {unknown}
 V - a potion of haste
 W - a potion of degeneration {unknown}
 Y - a potion of lignification {unknown}


   Skills:
 + Level 5.8 Fighting
 + Level 9.2 Maces & Flails
 + Level 2.9 Throwing
 + Level 5.9 Dodging
 + Level 5.4 Stealth
 + Level 4.8 Shields
 + Level 1.0 Spellcasting
 + Level 4.5 Fire Magic


You had 11 spell levels left.
You didn't know any spells.
Your spell library contained the following spells:

 Spells                   Type           Power      Damage    Failure   Level
 Scorch                   Fire           30%        2d6       7%          2
 Poisonous Vapours        Pois/Air       0%         N/A       38%         2
 Mephitic Cloud           Conj/Pois/Air  0%         N/A       63%         3
 Portal Projectile        Hex/Tloc       0%         N/A       63%         3
 Tukima's Dance           Hex            0%         N/A       63%         3
 Animate Dead             Necr           0%         N/A       95%         4
 Passage of Golubria      Tloc           0%         N/A       95%         4
 Blade Hands              Tmut           0%         N/A       100%        5
 Freezing Cloud           Conj/Ice/Air   0%         6-21      100%        5
 Yara's Violent Unravell  Hex/Tmut       0%         3d3       100%        5
 Haunt                    Necr/Summ      0%         N/A       100%        7
 Infestation              Necr           0%         N/A       100%        8


Dungeon Overview and Level Annotations

Branches:
Dungeon (8/15)             Temple (0/1) D:7
   Lair: D:8-11

Altars:
Dithmenos
Hepliaklqana
Vehumet
Zin
The Shining One

Annotations:
D:3 1 runed translucent door, OliveOil's ghost, amateur KoCj


Innate Abilities, Weirdness & Mutations

You can breathe blasts of fire.
Your fiery red scales are hard. (AC +7)
You cannot fit into any form of body armour.
Your flesh is heat resistant. (rF+)
You are cold-blooded and may be slowed by cold attacks.


Message History

You have got your breath back.
There is a stone staircase leading up, spattered with blood here.
The deep elf pyromancer mumbles some strange words.
The deep elf pyromancer blinks!
The cyclops hits you!
You climb upwards.
There is a stone staircase leading down here.
There is a staircase to the Ecumenical Temple here.
Throw: 8 boomerangs
Press: ? - help, Q - select action, (/) - cycle Shift-Dir - straight line, f - cyclops
Aim: a cyclops, quivering large rocks (heavily wounded, 86% to hit)
You throw a boomerang.
The boomerang barely misses the cyclops.
The cyclops throws a large rock.
The large rock hits you!!
* * * LOW HITPOINT WARNING * * *
Throw: 8 boomerangs
Press: ? - help, Q - select action, (/) - cycle Shift-Dir - straight line, f/p - cyclops
Aim: a cyclops, quivering large rocks (heavily wounded, 86% to hit)
You throw a boomerang. The boomerang hits the cyclops!
The cyclops is almost dead.
Aiming: Breathe Fire (3% risk of failure)
Press: ? - help, Shift-Dir - straight line, f/p - cyclops
Aim: a cyclops, quivering large rocks (severely wounded, 97% to hit)
You breathe a blast of fire.
The fiery breath hits the cyclops!
The cyclops is almost dead.
The cyclops throws a large rock.
The large rock closely misses you.
Throw: 8 boomerangs
Press: ? - help, Q - select action, (/) - cycle Shift-Dir - straight line, f/p - cyclops
Aim: a cyclops, quivering large rocks (almost dead, 86% to hit)
You throw a boomerang.
The boomerang hits the cyclops but does no damage.
The cyclops is almost dead.
Throw: 8 boomerangs
Press: ? - help, Q - select action, (/) - cycle Shift-Dir - straight line, f/p - cyclops
Aim: a cyclops, quivering large rocks (almost dead, 86% to hit)
You throw a boomerang.
The boomerang barely misses the cyclops.
Things that are here:
a +0 chain mail; a +0 dagger The cyclops throws a large rock.
The large rock hits you!!
You die...

...#.# ...#.# .....# ....##
##>## #># #.#
#.##############################
#.........C...[@................
################################


You could see a cyclops.

Vanquished Creatures
  Maggie (D:6)
  Prince Ribbit (D:6)
  Sigmund (D:4)
  A wyvern (D:7)
  Eustachio (D:5)
  A steam dragon (D:6)
  3 water moccasins
  Duvessa (D:6)
  2 ice beasts
  An orc warrior (D:7)
  A black bear (D:6)
  A sky beast (D:7)
  2 ogres
  2 phantoms
  2 bullfrogs
  3 scorpions
  9 wights
  Dowan (D:6)
  12 killer bees (D:7)
  A howler monkey (D:6)
  2 jellies
  3 hounds
  2 orc priests
  Jessica (D:3)
  An iguana (D:6)
  3 orc wizards
  6 adders
  A shadow imp (D:7)
  A worm (D:2)
  A dart slug (D:2)
  24 orcs
  3 bats
  8 endoplasms
  2 giant cockroaches
  6 goblins
  3 hobgoblins
  7 jackals
  2 quokkas
  2 ball pythons
  2 frilled lizards (D:2)
  5 kobolds
  5 rats
137 creatures vanquished.

Vanquished Creatures (others)
  An orc (D:6)
  32 foxfires
  A plant (D:3)
34 creatures vanquished.

Grand Total: 171 creatures vanquished

Notes
Turn   | Place    | Note
-------+----------+-------------------------------------------
     0 | D:1      | Speno the Draconian Cinder Acolyte began the quest for the
                  | Orb.
     0 | D:1      | Reached XP level 1. HP: 19/19 MP: 2/2
   494 | D:1      | Reached XP level 2. HP: 24/26 MP: 3/3
   773 | D:2      | Reached skill level 1 in Stealth
   895 | D:2      | Reached XP level 3. HP: 31/31 MP: 4/4
   981 | D:2      | Identified the +0 mace "Ynehaoq" {spect, rN+ Str+4}
  1263 | D:2      | Found a glowing golden altar of the Shining One.
  2312 | D:3      | Found a runed translucent door.
  2323 | D:3      | Noticed OliveOil's ghost (amateur KoCj)
  2359 | D:3      | Reached XP level 4. HP: 38/38 MP: 5/5
  2809 | D:4      | Noticed a scorpion
  2887 | D:5      | Entered Level 5 of the Dungeon
  3083 | D:3      | Noticed Jessica
  3088 | D:3      | Found a faded altar of an unknown god.
  3094 | D:3      | Killed Jessica
  3095 | D:3      | Reached skill level 1 in Dodging
  3097 | D:3      | Found a hazy altar of Hepliaklqana.
  3355 | D:3      | Found a faded altar of an unknown god.
  3670 | D:3      | Killed a scorpion
  3671 | D:3      | Reached skill level 4 in Maces & Flails
  3671 | D:3      | Reached XP level 5. HP: 24/46 MP: 6/6
  3985 | D:3      | Reached XP level 6. HP: 37/52 MP: 7/7
  4023 | D:4      | Noticed a water moccasin
  4029 | D:4      | Killed a water moccasin
  4030 | D:4      | Reached skill level 5 in Maces & Flails
  4030 | D:4      | Reached skill level 1 in Throwing
  4081 | D:4      | Noticed Sigmund
  4153 | D:4      | Your scales start taking on a fiery red colour.
  4153 | D:4      | Reached XP level 7. HP: 47/59 MP: 8/8
  4153 | D:4      | Gained mutation: Your flesh is heat resistant. (rF+) [Red
                  | Draconian growth]
  4874 | D:4      | Found a glowing silver altar of Zin.
  4874 | D:4      | Found a shadowy altar of Dithmenos.
  4875 | D:4      | Found a radiant altar of Vehumet.
  4981 | D:4      | Identified a scroll of acquirement
  4983 | D:4      | Acquired the ring of Juejoce {Dex+6 SInv}
  5710 | D:5      | Identified the +0 mace of Xege {protect, rN+}
  5849 | D:5      | Noticed Eustachio
  6058 | D:5      | Killed Eustachio
  6059 | D:5      | Reached skill level 1 in Shields
  6220 | D:4      | Killed Sigmund
  6221 | D:4      | Reached skill level 6 in Maces & Flails
  6221 | D:4      | Reached XP level 8. HP: 67/67 MP: 9/9
  7185 | D:6      | Reached skill level 5 in Fighting
  7358 | D:6      | Reached skill level 7 in Maces & Flails
  7668 | D:6      | Noticed Prince Ribbit
  7677 | D:6      | Killed Prince Ribbit
  7678 | D:6      | Reached XP level 9. HP: 74/74 MP: 10/10
  7726 | D:6      | Noticed Maggie
  8534 | D:6      | Noticed Duvessa
  8534 | D:6      | Noticed Dowan
  8547 | D:6      | Killed Duvessa
  8548 | D:6      | Reached skill level 5 in Dodging
  8578 | D:6      | Killed Dowan
  8692 | D:6      | Killed Maggie
  8693 | D:6      | Reached skill level 8 in Maces & Flails
  9736 | D:7      | Reached skill level 5 in Stealth
 10215 | D:7      | Reached skill level 9 in Maces & Flails
 10229 | D:7      | HP: 3/75 [killer bee (5)]
 10550 | D:7      | Found a staircase to the Ecumenical Temple.
 11232 | D:3      | Fell from the grace of Ignis
 11232 | D:3      | Became a worshipper of Hepliaklqana the Forgotten
 11665 | D:8      | Reached XP level 10. HP: 83/83 MP: 11/11
 11706 | D:8      | Noticed a deep elf pyromancer
 11706 | D:8      | Noticed a cyclops
 11752 | D:7      | Hit by a large rock thrown by a cyclops

Illustrated notes

Levels and vault maps discovered:
D:1:      dpeg_arrival_simpleton_c, layout_rooms
D:2:      layout_basic, basic_altar, hex_large, kennysheep_small_spiral,
          minmay_pentomino_v2
D:3:      layout_basic, beargit_hepliaklqana_dungeon_heroes,
          dreamdust_ecumenical_altar_hidden_monk_grotto,
          ebering_ghost_reflecting_pool
D:4:      layout_loops_cross, minitemple, uniq_sigmund
D:5:      layout_basic, uniq_eustachio
D:6:      layout_loops_corners, dreamdust_princess_corridor, uniq_duvessa,
          uniq_maggie, uniq_prince_ribbit1
D:7:      layout_basic, minmay_temple_entry_proselytizer
D:8:      minmay_diamond_stairs, layout_basic, uniq_joseph

Skill      XL: |  1  2  3  4  5  6  7  8  9 |
---------------+----------------------------+-----
Stealth        | 1 2 3 4 5 |  5.4
Dodging        | 1 2 3 4 5 |  5.9
Maces & Flails | 4 5 6 7 9 |  9.2
Fighting       | 4 5 |  5.8
Throwing       | 1 2 |  2.9
Fire Magic     | 4 |  4.5
Shields        | 1 3 4 |  4.8
Spellcasting   | |  1.0

Action                     |  1- 3 |  4- 6 |  7- 9 | 10-12 || total
---------------------------+-------+-------+-------+-------++-------
  Melee: Mace              |    68 |    45 |   304 |    20 ||   437
         Tailslap          |     9 |     5 |    33 |     2 ||    49
         Punch             |     1 |       |       |       ||     1
         Morningstar       |       |       |     5 |       ||     5
  Throw: Boomerang         |     1 |     7 |    20 |    10 ||    38
 Invoke: Fiery Armour      |     2 |     3 |       |       ||     5
         Foxfire Swarm     |     2 |     3 |       |       ||     5
         Rising Flame      |       |       |     1 |       ||     1
Ability: Breathe Fire      |       |       |    24 |     3 ||    27
  Evoke: Wand              |       |       |     1 |       ||     1
    Use: Scroll            |     2 |     1 |    15 |       ||    18
         Potion            |       |     1 |     5 |       ||     6
   Stab: Sleeping          |     2 |     1 |     7 |       ||    10
         Distracted        |       |       |     2 |       ||     2
 Armour: Skin              |    48 |    19 |    84 |     2 ||   153
  Dodge: Dodged            |    59 |    21 |   172 |     7 ||   259
  Block: Buckler           |    10 |     4 |   157 |     5 ||   176
         Reflection        |       |       |     1 |       ||     1
